Map: Traitor's Exile

Players

SANTACLAUS

  • Race: Zerg Zerg
  • Spawn Location: 9:00

IIIIIIIIIIII

  • Race: Protoss Protoss
  • League: Master
  • Spawn Location: 12:00

PureLegacy - Winner!

  • Race: Terran Terran
  • Spawn Location: 5:00

LOADBLASTER - Winner!

  • Race: Terran Terran
  • League: Master
  • Spawn Location: 6:00

VOD

Have the link to the VOD?

Description

Time

  • Played on: Nov. 26, 2018, 11:37 a.m.
  • Length: 8:47
Show
View Real Time Build Order
Export as new Build Order

SANTACLAUS Zerg 

Build Orders: Pool First 

Get SALT Encoding   

  12  0:01  Drone  
  13  0:12  Overlord  
  13  0:18  Drone  
  14  0:30  Drone x2  
  16  0:36  Drone  
  17  0:43  Extractor  
  17  0:48  Spawning Pool  
  15  0:50  Drone  
  16  0:57  Drone  
  17  1:07  Drone  
  18  1:17  Drone  
  19  1:30  Hatchery  
  18  1:35  Queen  
  20  1:43  Metabolic Boost  
  20  1:50  Overlord  
  20  2:11  Roach Warren  
  20  2:12  Queen  
  21  2:27  Zergling x6  
  24  2:52  Lair  
  24  2:55  Drone x2  
  27  2:58  Zergling x2  
  27  2:59  Zergling x6  
  29  3:19  Overlord  
  29  3:23  Extractor  
  28  3:29  Roach  
  28  3:30  Roach x3  
  28  3:33  Overlord  
  36  3:51  Glial Reconstitution  
  36  3:54  Roach x2  
  40  4:04  Drone  
  40  4:05  Drone x2  
  43  4:12  Drone  
  43  4:13  Drone  
  45  4:17  Drone  
  46  4:29  Overlord  
  45  4:48  Roach x5  
  53  5:09  Roach  
  53  5:10  Roach x2  
  59  5:18  Overlord  
  59  5:26  Zergling x2  
  54  5:52  Zergling x14  
  54  5:53  Ravager  
  54  5:54  Ravager  
  63  5:59  Roach  
  63  6:00  Roach  
  62  6:22  Roach  
  62  6:23  Roach x3  
  57  6:38  Roach x2  
  57  6:39  Roach x5  
  61  7:06  Roach  
  61  7:07  Roach x2  
  61  7:08  Overlord x3  
  67  7:10  Overlord  
  67  7:29  Roach  
  77  7:30  Roach x5  
  68  7:52  Ravager x2  
  68  7:53  Ravager x3  
  68  7:56  Drone x6  
Show
View Real Time Build Order
Export as new Build Order

IIIIIIIIIIII Protoss 

Build Orders: Dark Templar Rush 

Get SALT Encoding   

  12  0:00  Probe  
  13  0:13  Probe  
  14  0:20  Pylon  
  14  0:25  Probe  
  15  0:34  Probe  
  15  0:42  Gateway, Probe  
  16  0:48  Assimilator  
  17  0:52  Probe  
  18  1:03  Assimilator  
  18  1:05  Probe  
  19  1:16  Gateway  
  19  1:20  Pylon  
  19  1:23  Probe  
  20  1:36  Cybernetics Core  
  20  1:39  Probe  
  21  1:52  Probe  
  22  2:02  Stalker  
  22  2:04  Probe  
  23  2:12  Stalker  
  23  2:13  Warp Gate  
  27  2:24  Pylon  
  26  2:30  Stalker  
  27  2:38  Shield Battery  
  27  2:43  Probe  
  28  2:50  Twilight Council  
  28  2:52  Adept  
  28  3:11  Adept  
  30  3:20  Shield Battery  
  30  3:27  Dark Shrine  
  30  3:29  Probe  
  31  3:35  Charge  
  31  3:39  Gateway  
  31  3:41  Probe  
  32  3:50  Gateway  
  32  4:07  Probe  
  33  4:19  Pylon  
  33  4:35  Sentry  
  35  4:39  Dark Templar x2  
  35  4:44  Zealot  
  41  4:55  Pylon  
  41  5:00  Pylon  
  41  5:04  Stalker  
  43  5:13  Dark Templar  
  45  5:22  Zealot x2  
  45  5:27  Zealot  
  45  5:42  Zealot  
  45  5:43  Stalker  
  41  5:51  Zealot x2  
  43  6:08  Dark Templar, Zealot  
  41  6:24  Dark Templar, Zealot  
  39  6:28  Dark Templar  
  35  6:37  Probe  
  32  6:46  Dark Templar, Zealot  
  36  6:52  Gateway  
  36  7:02  Zealot x2  
  32  7:20  Dark Templar, Zealot x2  
  32  7:30  Zealot  
  30  7:43  Dark Templar  
  32  7:55  Stalker, Zealot x2  
  35  8:00  Stalker  
Show
View Real Time Build Order
Export as new Build Order

PureLegacy Terran - Winner!

Build Orders:  

Get SALT Encoding   

  12  0:00  SCV  
  13  0:13  SCV  
  14  0:18  Supply Depot  
  14  0:26  SCV  
  15  0:31  Refinery  
  15  0:39  SCV  
  16  0:46  Barracks  
  16  0:51  SCV  
  17  1:02  Barracks  
  17  1:16  Barracks  
  17  1:20  SCV  
  18  1:33  Reaper  
  18  1:39  Orbital Command  
  19  1:47  Refinery  
  19  1:51  Reaper  
  20  2:00  Supply Depot  
  20  2:03  Reaper  
  21  2:09  Reaper  
  21  2:13  SCV  
  23  2:29  Reaper  
  24  2:35  Reaper  
  24  2:40  Supply Depot  
  24  2:42  SCV  
  24  2:44  Reaper  
  26  2:54  SCV  
  27  3:02  Reaper  
  27  3:09  Reaper  
  27  3:12  SCV  
  28  3:15  Command Center  
  28  3:17  Reaper  
  29  3:25  Engineering Bay  
  29  3:27  SCV  
  29  3:34  Reaper  
  31  3:42  Reaper  
  31  3:44  Barracks  
  32  3:52  Barracks  
  32  3:54  Reaper  
  33  4:01  Terran Infantry Weapons Level 1  
  32  4:04  SCV  
  32  4:08  Reaper  
  34  4:14  Reaper  
  35  4:21  SCV  
  36  4:25  Supply Depot  
  36  4:26  Reaper  
  36  4:30  Orbital Command  
  37  4:34  Reaper  
  38  4:39  Refinery  
  38  4:40  Reaper  
  39  4:46  Refinery  
  39  4:47  SCV  
  39  4:51  Reaper  
  41  5:00  Reaper  
  41  5:01  SCV  
  42  5:08  Reaper  
  42  5:10  SCV  
  42  5:13  SCV  
  45  5:15  Missile Turret  
  45  5:17  Missile Turret  
  45  5:18  Reaper  
  45  5:26  Reaper  
  40  5:37  Missile Turret  
  40  5:46  Reaper  
  38  5:50  Reaper  
  38  5:54  SCV  
  38  5:57  SCV  
  39  6:06  Reaper, SCV  
  40  6:11  Reaper  
  38  6:22  Reaper x2  
  34  6:30  SCV x2  
  34  6:31  Reaper  
  29  6:43  SCV x2  
  31  7:04  Reaper  
  31  7:07  Reaper  
  32  7:18  Reaper  
  32  7:26  Reaper  
  33  7:37  Reaper  
  33  7:41  Reaper  
  32  8:04  Reaper  
Show
View Real Time Build Order
Export as new Build Order

LOADBLASTER Terran - Winner!

Build Orders:  

Get SALT Encoding   

  12  0:01  SCV  
  13  0:13  SCV  
  14  0:19  Supply Depot  
  14  0:25  SCV  
  15  0:34  Refinery  
  15  0:40  SCV  
  16  0:47  Barracks  
  16  0:53  SCV  
  17  1:04  Barracks  
  17  1:08  SCV  
  18  1:20  SCV  
  19  1:37  Barracks Tech Lab  
  19  1:39  Orbital Command  
  19  1:42  Supply Depot  
  19  1:51  Barracks Tech Lab  
  19  1:55  Marauder  
  19  1:57  Concussive Shells  
  21  2:08  SCV  
  22  2:10  Marauder  
  24  2:16  Supply Depot  
  24  2:18  Marauder  
  26  2:31  SCV, Marauder  
  29  2:39  Marauder  
  31  2:52  Marauder  
  33  3:01  Marauder  
  35  3:09  Command Center  
  31  3:14  Marauder  
  31  3:22  Marauder  
  31  3:26  Supply Depot  
  33  3:28  SCV  
  34  3:36  Marauder  
  36  3:43  Marauder  
  38  3:49  Barracks  
  38  3:57  Marauder  
  38  4:02  SCV  
  41  4:05  Marauder  
  43  4:14  SCV  
  44  4:18  Marauder  
  44  4:23  Orbital Command  
  46  4:26  Marauder  
  48  4:32  SCV  
  48  4:37  Barracks Reactor  
  49  4:40  Marauder  
  49  4:44  SCV  
  52  4:48  Supply Depot, Marauder  
  52  4:50  SCV  
  55  5:00  Engineering Bay  
  55  5:02  SCV  
  55  5:03  SCV  
  57  5:08  Marauder  
  58  5:14  SCV  
  58  5:15  SCV  
  58  5:27  SCV x2  
  60  5:34  Marauder  
  61  5:35  Marine x2  
  61  5:37  Marauder  
  61  5:39  SCV x2  
  41  5:56  Marauder  
  35  5:59  Marine x2  
  35  6:01  Marauder  
  39  6:10  SCV  
  40  6:14  Stimpack  
  40  6:16  SCV  
  40  6:17  Marine, Marauder  
  44  6:22  SCV  
  44  6:32  Marine, SCV  
  46  6:34  SCV  
  46  6:36  Marine  
  46  6:39  Marauder  
  50  6:42  Marine  
  50  6:44  SCV, Orbital Command  
  50  6:47  SCV  
  53  6:50  Marine  
  45  7:09  Marauder  
  46  7:21  Marine, Marauder  
  49  7:25  SCV  
  49  7:28  Marine  
  51  7:33  SCV  
  51  7:38  Marine x2  
  51  7:41  SCV  
  53  7:47  SCV  
  54  7:53  Marine  
  54  7:57  Marine  
  56  8:02  SCV  
  57  8:08  Supply Depot  
  57  8:09  Marine  
  57  8:12  SCV  
  58  8:15  Marine  
  58  8:18  SCV  
  60  8:25  Marine  
  60  8:26  Marauder  
  60  8:27  SCV  
  62  8:43  Supply Depot  
Tags
 
Add a new tag
Caveats
  • Supply blocks, unpowered buildings, or Contaminate may cause inaccurate times.
  • Supply counts are checked every 10 seconds.